 Dungeon Crawl Stone Soup version 0.27-a0-1200-g94dc6ad4cf (webtiles) character file.

Game seed: 2868428889588441707

213 spiderkeys the Poker (level 5, 0/42 HPs)
             Began as a Merfolk Abyssal Knight on June 1, 2021.
             Was a Believer of Lugonu.
             Succumbed to a scorpion's poison
             ... on level 4 of the Dungeon.
             The game lasted 00:05:59 (4532 turns).

spiderkeys the Poker (Merfolk Abyssal Knight)       Turns: 4532, Time: 00:05:59

Health: 0/42       AC:  8    Str: 14    XL:     5   Next: 90%
Magic:  7/7        EV:  7    Int: 11    God:    Lugonu [**....]
Gold:   897        SH:  0    Dex: 13    Spells: 4/4 levels left

rFire    . . .     SeeInvis +   a - +2 spear
rCold    . . .     Faith    .   (no shield)
rNeg     . . .     Spirit   .   f - +0 chain mail
rPois    .         Reflect  .   (no helmet)
rElec    .         Harm     .   (no cloak)
rCorr    .         Rampage  .   (no gloves)
Will     +....                  (no boots)
Stlth    ..........             (no amulet)
HPRegen  0.14/turn              c - ring of willpower
MPRegen  0.10/turn              v - ring of see invisible

@: lethally poisoned (0 -> -1), studying Armour
A: (nimble swimmer 2), mertail
a: Renounce Religion, Depart the Abyss, Bend Space


You were on level 4 of the Dungeon.
You worshipped Lugonu.
Lugonu was pleased with you.
You visited 1 branch of the dungeon, and saw 4 of its levels.
You visited the Abyss 1 time.

You collected 930 gold pieces.
You spent 33 gold pieces at shops.


Innate Abilities, Weirdness & Mutations

((You are quick and stealthy near water. (Stealth+, EV+, Speed+++)))
Your lower body shifts to a powerful aquatic tail in water.


   Skills:
 + Level 4.2 Fighting
 + Level 4.6 Polearms
 + Level 2.7 Armour
 + Level 4.3 Dodging
 + Level 3.2 Invocations


You had 4 spell levels left.
You didn't know any spells.
Your spell library was empty.

Inventory:

Hand Weapons
 a - a +2 spear (weapon)
Missiles
 d - 71 stones
 h - 14 bolts
 m - 30 arrows
Armour
 b - a +0 leather armour
 e - a +0 ring mail
   (You found it on level 1 of the Dungeon)
 f - a +0 chain mail (worn)
   (You found it on level 2 of the Dungeon)
 j - a +0 helmet
   (You took it off Robin on level 3 of the Dungeon)
Jewellery
 c - a ring of willpower (left hand)
   (You found it on level 1 of the Dungeon)
 v - a ring of see invisible (right hand)
   (You found it on level 2 of the Dungeon)
Scrolls
 i - 3 scrolls of identify {@r1}
Potions
 g - a potion of magic

Dungeon Overview and Level Annotations

Branches:
Dungeon (4/15)
 Temple: D:4-7

Altars:
Fedhas

Shops:
D:3 :==[*

Annotations:
D:3 Edmund

#.
##..##.##
##g....#
##.g.##
##.g# ##.#
#g# # ##.#
#..###Ss#
#...@.##
.....#####
###


You could see a scorpion, an adder and a hobgoblin.


Message History

You climb downwards.
Level annotation: Edmund Edmund completely misses you.
Edmund hits you with a +0 flail of protection.
There is a stone staircase leading up, spattered with blood here. 😕 HP[-5]
You take 5 damage, and now have 37/42 hp.
Edmund says, "People will remember me!
They'll remember me and die!"
Edmund hits you with a +0 flail of protection.
You climb upwards.
There is a stone staircase leading down here. 😮 HP[-6]
You take 6 damage, and now have 31/42 hp.
Edmund hits you with a +0 flail of protection. 😮 HP[-2]
You take 2 damage, and now have 29/42 hp. 😮 HP[+1] Space bends around you!
You blink. 😮 HP[-2] MP[-1]
You take 2 damage, and now have 28/42 hp.
You lost 1 mp, and now have 6/7 mp. 😮 HP[+1] 😮 MP[+1]
Your mp is fully restored (7). 😮 HP[+1] 😮 HP[+1]
There is an escape hatch in the floor here.
You slide downwards.
The hatch slams shut behind you.
A scorpion and a hobgoblin come into view.
The hobgoblin shouts!
You hear a shout! x3
You are too injured to fight recklessly!
You are too injured to fight recklessly!
A gnoll comes into view. It is wielding a +0 flail.
The gnoll shouts!
The hobgoblin hits you. 😮 HP[-4]
You take 4 damage, and now have 27/42 hp.
You hit the hobgoblin. The hobgoblin closely misses you.
You barely miss the hobgoblin.
The hobgoblin barely misses you. 😮 HP[+1]
You hit the hobgoblin but do no damage.
The scorpion stings you but does no damage.
The hobgoblin hits you but does no damage.
The scorpion barely misses you. The scorpion stings you. 😮 HP[-5]
You take 5 damage, and now have 23/42 hp.
The scorpion stings you!
* * * LOW HITPOINT WARNING * * *
You are lethally poisoned!
The scorpion poisons you!
The hobgoblin closely misses you. 😨 HP[-8]
You take 8 damage, and now have 15/42 hp.
An adder comes into view.
* * * LOW HITPOINT WARNING * * *
You feel very sick.
The adder hisses angrily.
The scorpion stings you but does no damage.
The adder moves out of view. 😨 HP[-4]
You take 4 damage, and now have 11/42 hp.
* * * LOW HITPOINT WARNING * * *
You feel sick.
The adder bites you but does no damage. 😱 HP[-2]
You take 2 damage, and now have 9/42 hp.
* * * LOW HITPOINT WARNING * * *
You feel sick.
The adder bites you but does no damage. 😱 HP[-2]
You take 2 damage, and now have 7/42 hp.
* * * LOW HITPOINT WARNING * * *
You feel sick. 😱 HP[-1]
You take 1 damage, and now have 6/42 hp.
* * * LOW HITPOINT WARNING * * *
You feel sick.
The scorpion stings you but does no damage.
The adder bites you but does no damage.
The scorpion barely misses you. 😱 HP[-1]
You take 1 damage, and now have 5/42 hp.
* * * LOW HITPOINT WARNING * * *
You feel sick. 😱 HP[-1]
You take 1 damage, and now have 4/42 hp.
* * * LOW HITPOINT WARNING * * *
You feel sick. 😱 HP[-1]
You take 1 damage, and now have 3/42 hp.
Unknown command.
* * * LOW HITPOINT WARNING * * *
You feel sick. 😱 HP[-1]
You take 1 damage, and now have 2/42 hp.
Okay, then.
Okay, then.
* * * LOW HITPOINT WARNING * * *
You feel sick. The adder barely misses you. 😱 HP[-1]
You take 1 damage, and now have 1/42 hp.
You die...

Skill      XL: |  1  2  3  4  5 |
---------------+----------------+-----
Armour         | 1 2 |  2.7
Dodging        | 3 4 |  4.3
Polearms       | 4 |  4.6
Fighting       | 4 |  4.2
Invocations    | 3 |  3.2

Action                   |  1- 3 |  4- 6 || total
-------------------------+-------+-------++-------
Melee: Spear             |   144 |   144 ||   288
Invok: Depart the Abyss  |     1 |       ||     1
       Bend Space        |       |     2 ||     2
  Use: Scroll            |     5 |     2 ||     7
       Potion            |       |     2 ||     2
Armor: Leather armour    |    22 |       ||    22
       Ring mail         |    11 |       ||    11
       Chain mail        |     9 |    54 ||    63
Dodge: Dodged            |    93 |    39 ||   132

Levels and vault maps discovered:
D:1:      dpeg_arrival_chambers_temple_mockup, layout_loops_ring,
          chequers_ecumenical_altar_simple_redux
D:2:      layout_loops_ring
D:3:      layout_basic, serial_shops, shop, shop, nicolae_shop_crystal, shop,
          nicolae_shop_overgrown_old_shop, uniq_jessica, uniq_terence,
          uniq_robin
D:4:      layout_loops_corners, nemelex_spade_bored_becter, lemuel_tele_altar,
          grunt_qazlal_clouds, uniq_edmund

Notes
Turn   | Place    | Note
-------+----------+-------------------------------------------
     0 | Abyss:1  | spiderkeys the Merfolk Abyssal Knight began the quest for
                  | the Orb.
     0 | Abyss:1  | Reached XP level 1. HP: 18/18 MP: 2/2
     0 | Abyss:1  | magus.rc [v1.9.10]
    54 | Abyss:1  | Identified 2 scrolls of acquirement
    54 | Abyss:1  | Acquired a manual of Armour
    56 | Abyss:1  | Acquired 785 gold pieces
   167 | Abyss:1  | Noticed a large abomination
   184 | Abyss:1  | Noticed a wretched star
   186 | D:1      | You pass through the gate.
   186 | D:1      | Escaped the Abyss
   392 | D:1      | Reached skill level 1 in Armour
   548 | D:1      | Reached XP level 2. HP: 24/24 MP: 3/3
   577 | D:1      | Reached skill level 3 in Dodging
   579 | D:1      | Reached * piety under Lugonu
   696 | D:1      | Found a faded altar of an unknown god.
   920 | D:1      | Reached XP level 3. HP: 29/29 MP: 4/4
  1753 | D:2      | Reached XP level 4. HP: 18/37 MP: 5/5
  1993 | D:2      | Reached ** piety under Lugonu
  2419 | D:3      | Reached skill level 4 in Polearms
  2419 | D:3      | Reached skill level 2 in Armour
  2428 | D:3      | Found Kett's Book Shoppe.
  2428 | D:3      | Noticed Terence
  2443 | D:3      | Killed Terence
  2444 | D:3      | Reached skill level 4 in Fighting
  2444 | D:3      | Reached skill level 3 in Invocations
  2444 | D:3      | Reached XP level 5. HP: 27/42 MP: 7/7
  2611 | D:3      | Noticed Robin
  2788 | D:3      | Killed Robin
  2789 | D:3      | Reached skill level 4 in Dodging
  3109 | D:3      | Found Zallugeb's Antique Armour Shop.
  3141 | D:3      | Found Asui's General Store.
  3149 | D:3      | Bought a potion of curing for 33 gold pieces
  3381 | D:3      | Found Leovier's Jewellery Shop.
  3452 | D:3      | Found Niugret's Jewellery Shop.
  3581 | D:3      | Noticed Jessica
  3591 | D:3      | Killed Jessica
  3889 | D:4      | Found a blossoming altar of Fedhas.
  4139 | D:4      | Noticed Edmund
  4524 | D:4      | HP: 9/42 [poisoned by a scorpion]
  4528 | D:4      | HP: 4/42 [poisoned by a scorpion]
  4531 | D:4      | HP: 1/42 [poisoned by a scorpion]
  4532 | D:4      | Succumbed to a scorpion's poison

Vanquished Creatures
  A howler monkey (D:3)
  Terence (D:3)
  Jessica (D:3)
  Robin (D:3)
  A gnoll (D:3)
  3 adders
  2 worms
  A dart slug (D:2)
  An orc (D:3)
  5 endoplasms
  A giant cockroach (D:1)
  11 goblins
  7 hobgoblins
  7 jackals (D:1)
  2 quokkas (D:1)
  5 ball pythons
  6 bats
  5 frilled lizards
  2 kobolds (D:2)
  4 rats
67 creatures vanquished.

Table legend:
 A = Non-vault XP
 B = Vault XP
 C = Vault XP percentage of total XP
 D = Non-vault monster count
 E = Vault monster count
 F = Vault count percentage of total count
                 A         B        C        D         E       F
            +---------+---------+-------+---------+---------+-------
      Total |     203 |     102 |  33.4 |      58 |       9 |  13.4
            +---------+---------+-------+---------+---------+-------
        D:1 |      50 |       0 |   0.0 |      30 |       0 |   0.0
        D:2 |      50 |       0 |   0.0 |      15 |       0 |   0.0
        D:3 |      99 |     102 |  50.7 |      11 |       9 |  45.0
        D:4 |       4 |       0 |   0.0 |       2 |       0 |   0.0
            +---------+---------+-------+---------+---------+-------

Illustrated notes

Table legend:
 A = Kills in this place as a percentage of kills in entire the game.
 B = Kills by you in this place as a percentage of kills by you in the entire game.
 C = Kills by friends in this place as a percentage of kills by friends in the entire game.
 D = Other kills in this place as a percentage of other kills in the entire game.
 E = Experience gained in this place as a percentage of experience gained in the entire game.
 F = Experience gained in this place divided by the number of levels of this place that you have seen.
                   A       B       C       D       E      F
               +-------+-------+-------+-------+-------+----------------------
         Total | 100.0 | 100.0 |   N/A |   N/A | 100.0 |  61.0
       Dungeon | 100.0 | 100.0 |   N/A |   N/A | 100.0 |  76.2
               +-------+-------+-------+-------+-------+----------------------

Table legend: (Time is in decaauts)
 A = Elapsed time spent in this place.
 B = Non-inter-level travel time spent in this place.
 C = Inter-level travel time spent in this place.
 D = Time resting spent in this place.
 E = Time spent auto-exploring this place.
 F = Levels seen in this place.
 G = Mean time per level.
                   A        B        C        D        E       F      G
               +--------+--------+--------+--------+--------+-----+--------+
         Total |   4506 |   4301 |    205 |    415 |   3259 |   5 |  901.2 |
       Dungeon |   4322 |   4117 |    205 |    415 |   3099 |   4 | 1080.5 |
         Abyss |    184 |    184 |      0 |      0 |    160 |   1 |  184.0 |
               +--------+--------+--------+--------+--------+-----+--------+

Top non-repeatable levels by time:
     D:3: 1765 daAuts
     D:1: 1317 daAuts
     D:2: 860 daAuts
     D:4: 378 daAuts
 Abyss:1: 184 daAuts
